 Dungeon Crawl Stone Soup version 0.28.0-53-g5a82cb258f (console) character file.

Game seed: 2596190286266247208

7336 Hector the Fighter (level 11, -21/87 HPs)
             Began as a Djinni Cinder Acolyte on Oct 14, 2022.
             Was a High Priest of Ignis.
             Demolished by a two-headed ogre
             ... wielding a +0 giant club
              (22 damage)
             ... on level 8 of the Dungeon.
             The game lasted 00:27:35 (9814 turns).

Hector the Fighter (Djinni Cinder Acolyte)          Turns: 9814, Time: 00:27:36

Health: -21/87     AC:  4    Str: 13    XL:     11   Next: 35%
Gold:   446        EV: 18    Int: 20    God:    Ignis [*****.] SH:  5 Dex:  9

rFire   + + +      SeeInvis .   a - -1 spear (flame)
rCold   x . .      Faith    .   (no shield)
rNeg    . . .      Spirit   .   b - +0 robe
rPois   ∞          Reflect  +   j - +0 helmet
rElec   .          Harm     .   f - +0 cloak
rCorr   .          Rampage  .   (no gloves)
Will    +....                   (boots unavailable)
Stlth   +.........              H - amulet of reflection
HPRegen 0.24/turn               V - +4 ring of evasion
MPRegen 0.00/turn               W - ring of wizardry

@: flying
A: sickness immunity, fire resistance 2, cold vulnerability 1, float, innate
caster, HP casting, extra vitality 1
a: Renounce Religion, Fiery Armour, Foxfire Swarm, Rising Flame


You were on level 8 of the Dungeon.
You worshipped Ignis.
Ignis was extremely pleased with you.
You visited 1 branch of the dungeon, and saw 8 of its levels.

You collected 476 gold pieces.
You spent 30 gold pieces at shops.

Inventory:

Hand Weapons
 a - a -1 spear of flaming (weapon)
 l - a +0 spear
 m - a +1 whip of freezing
 p - a +2 dagger of flaming
 q - the +8 hand crossbow of Tenacity {elec, rN++}
   (You found it on level 3 of the Dungeon)

   Any ammunition fired from it occasionally discharges a powerful burst of
   electricity upon striking a foe.
   rN:        It greatly protects you from negative energy.
 A - a +0 trident
 G - a +0 rapier
Missiles
 d - 451 stones
 o - 10 poisoned darts
 x - 4 boomerangs
Armour
 b - a +0 robe (worn)
 f - a +0 cloak (worn)
 j - a +0 helmet (worn)
Jewellery
 n - a +6 ring of strength
 C - a ring of ice
 E - a +6 ring of dexterity
 H - an amulet of reflection (around neck)
 V - a +4 ring of evasion (left hand)
 W - a ring of wizardry (right hand)
Wands
 g - a wand of flame (22)
 y - a wand of polymorph (3)
 D - a wand of iceblast (19)
Scrolls
 e - a scroll of vulnerability {unknown}
 s - a scroll of fear {unknown}
 t - 2 scrolls of enchant armour {unknown}
 u - a scroll of summoning {unknown}
 v - a scroll of enchant weapon {unknown}
 B - 2 scrolls of teleportation {unknown}
 I - a scroll of torment {unknown}
 J - 3 scrolls of magic mapping {unknown}
Potions
 c - a potion of cancellation
 h - 4 potions of curing
 i - 2 potions of berserk rage
 k - 3 potions of brilliance
 r - a potion of heal wounds {unknown}
 w - a potion of haste
 z - a potion of mutation {unknown}
 F - 2 potions of flight {unknown}


   Skills:
 * Level 11.0 Fighting
 - Level 2.5 Polearms
 - Level 4.2 Armour
 - Level 8.6 Dodging
 + Level 10.4 Spellcasting


You had 15 spell levels left.
You knew the following spells:

 Your Spells              Type           Power      Damage    Failure   Level
a - Freeze                Ice            100%       1d11      1%          1
b - Spider Form           Tmut/Pois      51%        N/A       1%          3
c - Inner Flame           Hex/Fire       51%        N/A       1%          3
h - Hailstorm             Conj/Ice       51%        3d11      1%          4
r - Searing Ray           Conj           100%       2d8       1%          2
x - Scorch                Fire           100%       2d10      1%          2
Your spell library was empty.

Dungeon Overview and Level Annotations

Branches:
Dungeon (8/15)             Temple (0/1) D:6
   Lair: D:8-11

Altars:
Ashenzari
Gozag
Kikubaaqudgha
Yredelemnul
Zin

Shops:
D:2 !

Annotations:
D:1 Rock vault
D:4 1 runed translucent door


Innate Abilities, Weirdness & Mutations

You are immune to sickness and miasma.
You are immune to poison.
Your flesh is very heat resistant. (rF++)
You are vulnerable to cold. (rC-)
You float through the air rather than walking.
You learn spells naturally, not from books.
Your magical power is your life essence.
You have superior vitality. (+4 MHP)


Message History

The orc shouts!
An orc comes into view. It is wielding a +0 hand axe. x3
Casting: Scorch (safe; 1% risk of failure)
Press: ? - help, Q - select action, (/) - cycle Dir - look around, f - activate Flames lash the orc.
You kill the orc!
The orc shouts! x2
The two-headed ogre completely misses you.
The two-headed ogre hits you with a +0 giant spiked club!
Casting: Scorch (safe; 1% risk of failure)
Press: ? - help, Q - select action, (/) - cycle Dir - look around, f - activate Flames lash the orc.
You kill the orc!
The two-headed ogre hits you with a +0 giant club!!
The two-headed ogre hits you with a +0 giant spiked club.
An orc wizard comes into view. It is wielding a +0 dagger.
Casting: Scorch (safe; 1% risk of failure)
Press: ? - help, Q - select action, (/) - cycle Dir - look around, f - activate Flames lash the two-headed ogre.
The two-headed ogre is burned terribly!
The two-headed ogre is heavily wounded.
The two-headed ogre completely misses you.
The two-headed ogre hits you with a +0 giant spiked club!!
* * * LOW HITPOINT WARNING * * *
Casting: Scorch (safe; 1% risk of failure)
Press: ? - help, Q - select action, (/) - cycle Dir - look around, f - activate Flames lash the orc.
You kill the orc!
* * * LOW HITPOINT WARNING * * *
You hear a shout!
You block the orc wizard's attack.
An orc priest comes into view. It is wielding a +0 dagger.
The orc wizard points at you and mumbles some strange words.
The magic dart hits you.
* * * LOW HITPOINT WARNING * * *
The orc priest shouts!
You don't have enough health to cast this spell.
Unknown command.
You block the two-headed ogre's attack.
The two-headed ogre hits you with a +0 giant spiked club!!
You die...

...##.
o....o
>.....###
o.......#
.o)o.)##
#.o...#
#...o.#
#...@#
.......O..#
..........#
.........##
....#....#
.......###
.......
.......


You could see a two-headed ogre (combustible), an orc priest, 2 orc wizards and
4 orcs.

Vanquished Creatures
  Harold (D:7)
  A deep elf pyromancer (D:7)
  A hornet (D:5)
  Eustachio (D:5)
  Menkaure (D:5)
  A water moccasin (D:7)
  An orc warrior (D:6)
  2 ogres
  A necrophage (D:5)
  A centaur (D:6)
  3 phantoms
  3 kobold brigands
  Blork the orc (D:5)
  A bullfrog (D:7)
  A water moccasin skeleton (D:7)
  3 howler monkeys (D:7)
  A centaur zombie (D:7)
  A jelly (D:4)
  An orc priest (D:6)
  The ghost of bronco the Scratcher, a weakling FeTm (D:3)
  3 hounds
  5 bullfrog skeletons
  2 centaur skeletons
  Natasha (thrice) (D:3)
  3 iguanas
  4 orc wizards
  A human skeleton (D:4)
  A killer bee zombie (D:7)
  A hound zombie (D:4)
  14 gnolls (D:3)
  8 adders
  A white imp (D:6)
  An ufetubus (D:4)
  2 adder skeletons
  2 worms (D:2)
  4 dart slugs
  13 orcs
  9 ball pythons
  4 bats
  10 endoplasms
  2 giant cockroaches
  5 goblins
  5 hobgoblins
  3 jackals (D:1)
  3 quokkas
  A frilled lizard (D:1)
  49 kobolds
  A rat (D:1)
187 creatures vanquished.

Notes
Turn   | Place    | Note
-------+----------+-------------------------------------------
     0 | D:1      | Hector the Djinni Cinder Acolyte began the quest for the
                  | Orb.
     0 | D:1      | Reached XP level 1. HP: 20/20 MP: 0/0
     9 | D:1      | Noticed a bullfrog
    58 | D:1      | Reached XP level 2. HP: 23/25 MP: 0/0
   411 | D:1      | Reached XP level 3. HP: 30/30 MP: 0/0
   411 | D:1      | Learned a level 1 spell: Freeze
  1573 | D:2      | Reached XP level 4. HP: 32/37 MP: 0/0
  1946 | D:2      | Found Teff's Distillery.
  1969 | D:2      | Reached XP level 5. HP: 37/41 MP: 0/0
  1969 | D:2      | Learned a level 2 spell: Searing Ray
  2014 | D:2      | Bought a potion of curing for 30 gold pieces
  2049 | D:2      | Reached skill level 4 in Fighting
  2408 | D:3      | Noticed Natasha
  2424 | D:3      | Killed Natasha
  2616 | D:3      | Found a faded altar of an unknown god.
  2646 | D:3      | Noticed Natasha
  2648 | D:3      | Killed Natasha
  2649 | D:3      | Reached XP level 6. HP: 43/47 MP: 0/0
  2695 | D:3      | Noticed Natasha
  2836 | D:3      | Killed Natasha
  3023 | D:3      | Found a runed translucent gate.
  3024 | D:3      | Found a runed translucent gate.
  3024 | D:3      | Found an opulent altar of Gozag.
  3025 | D:3      | Found a runed translucent gate.
  3029 | D:3      | Noticed bronco's ghost (weakling FeTm)
  3919 | D:3      | Reached skill level 5 in Spellcasting
  3919 | D:3      | Reached XP level 7. HP: 29/53 MP: 0/0
  3919 | D:3      | Learned a level 3 spell: Spider Form
  4758 | D:3      | Killed bronco's ghost
  4878 | D:3      | Identified the +8 hand crossbow of Tenacity {elec, rN++}
  5369 | D:4      | Found a runed translucent door.
  5369 | D:4      | Noticed a human
  5381 | D:4      | Reached skill level 5 in Fighting
  5381 | D:4      | Reached XP level 8. HP: 50/59 MP: 0/0
  5697 | D:4      | Reached skill level 9 in Fighting
  5697 | D:4      | Reached XP level 9. HP: 73/73 MP: 0/0
  5697 | D:4      | Learned a level 3 spell: Inner Flame
  5960 | D:4      | Found a basalt altar of Yredelemnul.
  5976 | D:5      | Entered Level 5 of the Dungeon
  6364 | D:5      | Noticed Blork the orc
  6606 | D:5      | Killed Blork the orc
  6692 | D:5      | Noticed a hornet
  6697 | D:5      | Killed a hornet
  7119 | D:5      | Found a broken altar of Ashenzari.
  7263 | D:5      | Noticed Menkaure
  7270 | D:5      | Noticed Eustachio
  7273 | D:5      | Killed Menkaure
  7276 | D:5      | Killed Eustachio
  7610 | D:6      | Reached XP level 10. HP: 61/80 MP: 0/0
  7613 | D:6      | Reached skill level 10 in Fighting
  7613 | D:6      | Reached XP level 11. HP: 66/86 MP: 0/0
  7613 | D:6      | Learned a level 4 spell: Hailstorm
  8134 | D:6      | Found a staircase to the Ecumenical Temple.
  8175 | D:6      | Found an opulent altar of Gozag.
  8345 | D:7      | Noticed a deep elf pyromancer
  8632 | D:7      | Reached skill level 10 in Spellcasting
  8885 | D:7      | Killed a deep elf pyromancer
  9247 | D:7      | Found a glowing silver altar of Zin.
  9445 | D:7      | Noticed Harold
  9462 | D:7      | Killed Harold
  9463 | D:7      | Reached skill level 11 in Fighting
  9807 | D:8      | Noticed a two-headed ogre
  9812 | D:8      | HP: 4/87 [two-headed ogre/+0 giant club (26)]
  9813 | D:8      | HP: 1/87 [orc wizard/magic dart (2)]
  9814 | D:8      | Demolished by a two-headed ogre

Illustrated notes

Levels and vault maps discovered:
D:1:      evilmike_arrival_come_back, layout_loops_cross, minmay_tetromino_i4
D:2:      layout_basic, serial_shops, nicolae_square_shop, minivault_26
D:3:      minmay_goblin_kobold_castle, layout_loops_cross,
          ebering_ecumenical_altar_webs, ebering_ghost_gozag, uniq_natasha
D:4:      layout_cave_pools, dk_yredelemnul_ordeal, minmay_misc_feat_columns,
          minmay_crossroads
D:5:      layout_cave_pods, overflow_temple_1_default, marbit_many_paths,
          hangedman_decor_growths, uniq_eustachio, uniq_menkaure,
          uniq_blork_the_orc
D:6:      layout_rooms, mainiacjoe_overflow_24_doors,
          minmay_temple_entry_stoned_glass
D:7:      layout_cave_pools, mainiacjoe_overflow_six_doors_small, uniq_harold
D:8:      layout_cave_pools

Skill      XL: |  1  2  3  4  5  6  7  8  9 10 11 |
---------------+----------------------------------+-----
Spellcasting   | 3 4 5 7 8 9 10 | 10.4
Fighting       | 4 5 9 10 11 | 11.0
Dodging        | 8 |  8.6
Armour         | 4 |  4.2
Polearms       | |  2.5

Action                   |  1- 3 |  4- 6 |  7- 9 | 10-12 || total
-------------------------+-------+-------+-------+-------++-------
Melee: Spear             |    32 |       |       |     4 ||    36
 Cast: Scorch            |    20 |    83 |   132 |    79 ||   314
       Searing Ray       |       |       |       |     1 ||     1
  Use: Scroll            |       |     3 |     2 |     1 ||     6
       Potion            |       |       |     1 |     1 ||     2
Armor: Robe              |     5 |     6 |     7 |    11 ||    29
Dodge: Dodged            |    12 |    21 |    34 |    33 ||   100
Block: Other             |       |       |       |     5 ||     5
